[Event "Titled Tuesday Blitz August 17 2021"]
[White "Roman, Rodrigo"]
[Black "sganerdene"]
[WhiteFideId "3701220"]
[WhiteElo "2043"]
[BlackElo "2635"]
[Result "1/2-1/2"]
[Round "07"]
[TimeControl "180+1"]
[Date "2021.08.17"]
[WhiteClock "0:01:00"]
[BlackClock "0:00:11"]

1. Nf3 Nf6 2. g3 g6 3. Bg2 Bg7 4. O-O O-O 5. d4 d6 6. c3 Nc6 7. Nbd2 e5 8. dxe5 dxe5 9. e4 Be6 10. Qc2 h6 11. Rd1 Qe7 12. b4 Rfd8 13. a4 Bg4 14. Ba3 Qe6 15. Nf1 Bh3 16. Ne3 Bxg2 17. Kxg2 Kh7 18. b5 Na5 19. c4 b6 20. Nd5 Rac8 21. Bb4 Nb7 22. a5 Nd6 23. Bxd6 Rxd6 24. axb6 axb6 25. Ra7 Ne8 26. h4 f5 27. h5 f4 28. hxg6+ Qxg6 29. Nh4 Qg4 30. Rh1 Nf6 31. Nf5 Re6 32. Nxc7 Rxc7 33. Rxc7 Ne8 34. Rc6 Rf6 35. f3 Qg6 36. Rxf6 Nxf6 37. Nxg7 Qxg3+ 38. Kf1 Qxf3+ 39. Kg1 Qg3+ 40. Qg2 Qe1+ 41. Kh2 Qh4+ 42. Kg1 Qe1+ 43. Kh2 Qh4+ 44. Kg1 Qe1+ 1/2-1/2


[Site "https://www.chess.com"]

[Event "Titled Tuesday Blitz August 17 2021"]
[White "Ronka, Erik"]
[Black "Shkapenko, Pavel"]
[WhiteFideId "505080"]
[BlackFideId "4151933"]
[WhiteElo "2264"]
[BlackElo "2386"]
[Result "1-0"]
[Round "07"]
[TimeControl "180+1"]
[Date "2021.08.17"]
[WhiteClock "0:00:20"]
[BlackClock "0:00:17"]

1. d4 Nf6 2. c4 e6 3. Nc3 Bb4 4. a3 Bxc3+ 5. bxc3 c5 6. e3 O-O 7. Bd3 Nc6 8. Ne2 b6 9. e4 Ne8 10. O-O Ba6 11. f4 f5 12. exf5 exf5 13. dxc5 bxc5 14. Ng3 g6 15. Be3 d6 16. Re1 Na5 17. Bf2 Nf6 18. Nf1 Ng4 19. Bg3 Qd7 20. h3 Nf6 21. Ne3 Rfe8 22. Bh4 Qf7 23. Qa4 Bb7 24. Qxa5 Ne4 25. Qa4 Nxc3 26. Qc2 Ne4 27. Nd5 Bxd5 28. cxd5 Nf6 29. Qc4 Qg7 30. Rxe8+ Rxe8 31. Re1 Rxe1+ 32. Bxe1 Nh5 33. Bc3 Qh6 34. Qb5 Qf8 35. Qd7 Nxf4 36. Bc4 Nh5 37. Qe6+ Qf7 38. Qxd6 f4 39. Qd8+ Qf8 40. d6# 1-0


[Site "https://www.chess.com"]

[Event "Titled Tuesday Blitz August 17 2021"]
[White "Rosenberg, Evan S"]
[Black "Rozhkov, Viacheslav"]
[WhiteFideId "2019299"]
[BlackFideId "4181484"]
[WhiteElo "2287"]
[BlackElo "2324"]
[Result "0-1"]
[Round "07"]
[TimeControl "180+1"]
[Date "2021.08.18"]
[WhiteClock "0:00:07"]
[BlackClock "0:00:08"]

1. Nf3 d5 2. d4 Nf6 3. c4 dxc4 4. g3 Nc6 5. Bg2 e5 6. O-O exd4 7. Bf4 Be7 8. Ne5 Nxe5 9. Bxe5 c5 10. Qa4+ Bd7 11. Qxc4 Bc6 12. Bxc6+ bxc6 13. Bxf6 gxf6 14. Nd2 Qd5 15. Rac1 Rc8 16. Qa6 O-O 17. b3 h5 18. Qxa7 Bd6 19. Qd7 Rfd8 20. Qh3 Kg7 21. Nc4 Bc7 22. Rfd1 Qg5 23. Rc2 h4 24. Qxh4 Qxh4 25. gxh4 Rh8 26. Rd3 Rxh4 27. h3 Rch8 28. Kg2 R8h5 29. Nd2 Rg5+ 30. Kf1 Rh8 31. Nf3 Rd5 32. Kg2 Kf8 33. e3 Rg8+ 34. Kf1 dxe3 35. Rxe3 Rh8 36. Ng1 Kg7 37. Ke2 Rhh5 38. Rd2 Rhf5 39. Rxd5 cxd5 40. Rf3 Re5+ 41. Re3 Bd6 42. Nf3 Rf5 43. Nh4 Rh5 44. Ng2 d4 45. Rf3 Be5 46. Kd3 Rh4 47. Kc4 Rh5 48. Kd3 Kf8 49. Nf4 Rf5 50. Ke2 Rxf4 51. a4 Rxf3 52. Kxf3 Ke7 53. Ke4 Kd6 54. f4 f5+ 55. Kxf5 d3 56. fxe5+ Kd5 57. a5 d2 58. a6 d1=Q 59. a7 Qf1+ 60. Kg5 Qa6 61. h4 Qxa7 62. Kf6 Qb6+ 63. Kxf7 Qe6+ 64. Kg7 Kxe5 65. h5 Kf5 66. h6 Qg6+ 67. Kf8 Qh7 68. Ke8 Ke6 69. b4 Qe7# 0-1


[Site "https://www.chess.com"]

[Event "Titled Tuesday Blitz August 17 2021"]
[White "Sapunov, Evgeny"]
[Black "Sokolin, Leonid"]
[WhiteFideId "4126661"]
[BlackFideId "2009161"]
[WhiteElo "2470"]
[BlackElo "2394"]
[Result "1/2-1/2"]
[Round "07"]
[TimeControl "180+1"]
[Date "2021.08.17"]
[WhiteClock "0:00:16"]
[BlackClock "0:00:12"]

1. c4 e5 2. Nf3 e4 3. Nd4 d5 4. cxd5 Qxd5 5. e3 Nf6 6. Nc3 Qe5 7. d3 c5 8. Ndb5 a6 9. d4 Qe7 10. Na3 Nbd7 11. Be2 b5 12. Nc2 Bb7 13. O-O g6 14. b3 Bg7 15. Bb2 O-O 16. Rc1 Rfd8 17. dxc5 Nxc5 18. Nd4 Rac8 19. h3 h5 20. Qd2 h4 21. Rfd1 Qe5 22. Bf1 Bf8 23. Nce2 Nd3 24. Rxc8 Rxc8 25. Ba1 Bd6 26. Nf3 Qd5 27. Nxh4 Nh5 28. g3 Qg5 29. Ng2 Be5 30. Nef4 Bxa1 31. Rxa1 Ne5 32. Be2 Nxg3 33. fxg3 Nf3+ 34. Bxf3 exf3 35. Kh2 fxg2 36. Nxg2 Qe5 37. Rf1 Qe4 38. Rf2 b4 39. Qd4 Rc3 40. Qxe4 Bxe4 41. Re2 Bf3 42. Rd2 Bxg2 43. Kxg2 Rxe3 44. g4 Kg7 45. Rd4 a5 1/2-1/2


[Site "https://www.chess.com"]

[Event "Titled Tuesday Blitz August 17 2021"]
[White "Sengupta, Deep"]
[Black "Eynullayev, Altay"]
[WhiteFideId "5008352"]
[BlackFideId "13413562"]
[WhiteElo "2347"]
[BlackElo "2079"]
[Result "0-1"]
[Round "07"]
[TimeControl "180+1"]
[Date "2021.08.17"]
[WhiteClock "0:00:06"]
[BlackClock "0:00:41"]

1. c4 Nf6 2. Nc3 e5 3. Nf3 Nc6 4. d3 d5 5. cxd5 Nxd5 6. e3 Be7 7. Be2 O-O 8. O-O Be6 9. a3 f5 10. Qc2 Qe8 11. Nxd5 Bxd5 12. e4 fxe4 13. dxe4 Qg6 14. Bc4 Bxc4 15. Qxc4+ Kh8 16. Kh1 Rxf3 17. gxf3 Qh5 18. Qc3 Nd4 19. Rg1 Ne2 20. Qb3 Nxg1 21. Kxg1 Rf8 22. Kg2 Bc5 23. Bd2 Bxf2 24. Rf1 Bb6 25. Qe6 h6 26. h3 Rf6 27. Qc8+ Kh7 28. Bc3 Rg6+ 29. Kh2 Qg5 30. Qg4 Qe3 0-1


[Site "https://www.chess.com"]

[Event "Titled Tuesday Blitz August 17 2021"]
[White "Seo, Jung Min"]
[Black "De Silva, L M S T"]
[WhiteFideId "1734687"]
[BlackFideId "9953698"]
[WhiteElo "2486"]
[BlackElo "1621"]
[Result "1-0"]
[Round "07"]
[TimeControl "180+1"]
[Date "2021.08.17"]
[WhiteClock "0:00:37"]
[BlackClock "0:00:04"]

1. e4 e5 2. Nf3 Nc6 3. Bc4 Nf6 4. d3 h6 5. O-O d6 6. c3 g5 7. Re1 Bg7 8. b4 O-O 9. a4 Ne7 10. Nbd2 Ng6 11. Nf1 g4 12. N3d2 d5 13. exd5 Nxd5 14. Qb3 Be6 15. Ne4 b6 16. Ne3 c6 17. b5 Nxe3 18. Bxe3 Bxc4 19. dxc4 c5 20. Rad1 Qe7 21. Rd6 Rad8 22. Red1 Rxd6 23. Rxd6 f5 24. Rxg6 Qf7 25. Rd6 fxe4 26. Rd5 h5 27. Qc2 Qf5 28. g3 h4 29. gxh4 Bf6 30. h5 Bh4 31. h6 Qf3 32. Rxe5 g3 33. hxg3 Bxg3 34. Rg5+ Kh8 35. Rxg3 Rg8 36. Rxg8+ Kxg8 37. Qc1 Qg4+ 38. Kf1 Qh3+ 39. Ke2 Qe6 40. Qg1+ 1-0


[Site "https://www.chess.com"]

[Event "Titled Tuesday Blitz August 17 2021"]
[White "Seul, Georg"]
[Black "Ivanov, Oleg"]
[WhiteFideId "4601653"]
[BlackFideId "4103114"]
[WhiteElo "2332"]
[BlackElo "2698"]
[Result "0-1"]
[Round "07"]
[TimeControl "180+1"]
[Date "2021.08.17"]
[WhiteClock "0:00:01"]
[BlackClock "0:00:11"]

1. e4 c5 2. Nf3 d6 3. Bc4 Nf6 4. d3 Nc6 5. O-O g6 6. h3 Bg7 7. Nc3 O-O 8. a3 a6 9. Be3 b5 10. Ba2 Bb7 11. Qd2 Re8 12. Bh6 Nd4 13. Nxd4 cxd4 14. Ne2 e5 15. Bxg7 Kxg7 16. f4 d5 17. fxe5 Rxe5 18. Qf4 Qe7 19. Ng3 dxe4 20. dxe4 Bxe4 21. Rf2 Nd5 22. Qd2 Qc5 23. b4 Qc3 24. Nxe4 Qxa1+ 25. Rf1 Qxa2 26. Qxd4 Re8 27. Nd6 f6 28. c4 bxc4 29. Nxe8+ Rxe8 30. Qxd5 Re7 31. Qd6 Rf7 32. Qxa6 c3 33. Qc6 Qd2 34. b5 c2 35. b6 Kh6 36. b7 Rxb7 37. Qxb7 c1=Q 38. Rxc1 Qxc1+ 39. Kh2 Qxa3 40. Qe4 Qd6+ 41. Kh1 Qe5 42. Qh4+ Kg7 43. Qc4 Qe1+ 44. Kh2 Qe7 45. Kh1 h5 46. Kh2 Qf7 47. Qe4 Qc7+ 48. Kh1 Qe5 49. Qf3 Qe1+ 50. Kh2 h4 51. Qg4 Qe5+ 52. Kh1 Qa1+ 53. Kh2 Qe5+ 54. Kh1 g5 55. Qg3 hxg3 0-1


[Site "https://www.chess.com"]

[Event "Titled Tuesday Blitz August 17 2021"]
[White "Shahade, Gregory"]
[Black "Mitusov, Semen"]
[WhiteFideId "2009064"]
[BlackFideId "14151049"]
[WhiteElo "2687"]
[BlackElo "2256"]
[Result "0-1"]
[Round "07"]
[TimeControl "180+1"]
[Date "2021.08.17"]
[WhiteClock "0:00:01"]
[BlackClock "0:00:18"]

1. e4 e5 2. Nf3 Nc6 3. Bb5 a6 4. Ba4 Nf6 5. O-O b5 6. Bb3 Be7 7. Re1 O-O 8. a4 b4 9. d4 d6 10. dxe5 dxe5 11. Nbd2 Bd6 12. Nc4 h6 13. h3 Qe7 14. Be3 Be6 15. Nxd6 cxd6 16. Nd2 Bxb3 17. cxb3 d5 18. Rc1 Qb7 19. exd5 Nxd5 20. Bc5 Rfd8 21. Ne4 Nf4 22. Nd6 Rxd6 23. Bxd6 Nd4 24. f3 Rd8 25. Rxe5 Rxd6 26. Kh1 Nxh3 27. Re8+ Kh7 28. Qd3+ f5 29. Qe3 Ng5 30. Rcc8 Nf7 31. Rf8 Ne6 32. Rfe8 Neg5 33. Qe7 Qd5 34. Qf8 Qd1+ 35. Kh2 Nxf3+ 36. Kg3 N3g5 37. Qg8+ Kg6 38. Re3 f4+ 39. Kxf4 Qd4+ 40. Kg3 Qxe3+ 41. Kh2 Qf4+ 42. Kh1 Rd1# 0-1


[Site "https://www.chess.com"]

[Event "Titled Tuesday Blitz August 17 2021"]
[White "Shishkov, Andrei"]
[Black "Perez Gormaz, Matias"]
[WhiteFideId "4500563"]
[BlackFideId "3406342"]
[WhiteElo "2322"]
[BlackElo "2352"]
[Result "0-1"]
[Round "07"]
[TimeControl "180+1"]
[Date "2021.08.18"]
[WhiteClock "0:00:41"]
[BlackClock "0:01:51"]

1. d4 d5 2. c4 e6 3. Nc3 Be7 4. cxd5 exd5 5. Bf4 Nf6 6. e3 Bf5 7. Qb3 b6 8. Nge2 O-O 9. Ng3 Be6 10. Bd3 c5 11. dxc5 bxc5 12. Rd1 c4 13. Qb7 cxd3 14. Qxa8 Qb6 15. Nf5 Bxf5 16. Nxd5 Qa5+ 17. Nc3 Be4 18. Qxb8 Rxb8 19. Bxb8 Bxg2 20. Rg1 Be4 21. f3 Bg6 22. e4 Qb6 0-1


[Site "https://www.chess.com"]

[Event "Titled Tuesday Blitz August 17 2021"]
[White "Siva Mahadevan"]
[Black "Fernandez Hernandez, Arturo A."]
[WhiteFideId "25043153"]
[BlackFideId "3509230"]
[WhiteElo "2203"]
[BlackElo "2400"]
[Result "1-0"]
[Round "07"]
[TimeControl "180+1"]
[Date "2021.08.17"]
[WhiteClock "0:00:07"]
[BlackClock "0:00:03"]

1. e4 e5 2. Nf3 Nc6 3. Bb5 a6 4. Ba4 g6 5. c3 Bg7 6. d4 exd4 7. cxd4 b5 8. Bb3 Nge7 9. d5 Na5 10. Bd2 Nxb3 11. Qxb3 c5 12. d6 Nc6 13. Bc3 c4 14. Qd1 O-O 15. O-O Re8 16. Re1 Bb7 17. Bxg7 Kxg7 18. Nc3 Nb4 19. Qd4+ f6 20. Re2 Nd3 21. Rd1 Rc8 22. g3 Qa5 23. a3 Re6 24. Ne1 Rc6 25. Qa7 Nxe1 26. Qxb7 Nf3+ 27. Kg2 Ne5 28. f4 Rb6 29. Qc7 Nf7 30. e5 fxe5 31. fxe5 b4 32. Qxd7 Rxe5 33. Rf2 Rf5 34. Rxf5 gxf5 35. axb4 Qxb4 36. Rd2 Rxd6 37. Rxd6 Qxd6 38. Qxf5 Qd2+ 39. Qf2 Qc1 40. Ne4 Qb1 41. Qd4+ Kg8 42. Nf6+ Kf8 43. Nd7+ Ke7 44. Nc5 Qc2+ 45. Kg1 Qc1+ 46. Kf2 Qc2+ 47. Kf3 Qf5+ 48. Kg2 Qc2+ 49. Kf3 Qf5+ 50. Ke3 Nd6 51. g4 Qg5+ 52. Ke2 Qc1 53. Qe5+ Kf7 54. Qxd6 Qc2+ 55. Qd2 Qb1 56. Kf2 Kf6 57. Qc3+ Ke7 58. Qe5+ Kd8 59. Qd6+ Ke8 60. Qd7+ Kf8 61. Ne6+ 1-0


[Site "https://www.chess.com"]

[Event "Titled Tuesday Blitz August 17 2021"]
[White "Sokolovsky, Yahli"]
[Black "Atabayev, Saparmyrat"]
[WhiteFideId "2820242"]
[BlackFideId "14000571"]
[WhiteElo "1770"]
[BlackElo "2483"]
[Result "0-1"]
[Round "07"]
[TimeControl "180+1"]
[Date "2021.08.17"]
[WhiteClock "0:00:01"]
[BlackClock "0:00:50"]

1. b3 e5 2. Bb2 Nc6 3. c4 f5 4. e3 Nf6 5. Nc3 Bb4 6. Nge2 O-O 7. a3 Be7 8. d4 exd4 9. Nxd4 Nxd4 10. exd4 d5 11. cxd5 Bd6 12. Be2 Ne4 13. Nb5 Qh4 14. g3 Qh3 15. Bf1 Qh6 16. Bg2 Nxf2 17. Kxf2 f4 18. Bf3 Bg4 19. Bxg4 fxg3+ 20. Kg2 Rf2+ 21. Kg1 Qe3 22. Bc1 Rd2+ 23. Kf1 Qf2# 0-1


[Site "https://www.chess.com"]

[Event "Titled Tuesday Blitz August 17 2021"]
[White "Solon, Nathan"]
[Black "Kazakov, Mikhail"]
[WhiteFideId "2017229"]
[BlackFideId "14102749"]
[WhiteElo "2681"]
[BlackElo "2373"]
[Result "1-0"]
[Round "07"]
[TimeControl "180+1"]
[Date "2021.08.17"]
[WhiteClock "0:00:29"]
[BlackClock "0:00:01"]

1. d4 Nf6 2. Bg5 Ne4 3. Bf4 c5 4. f3 Qa5+ 5. c3 Nf6 6. Nd2 cxd4 7. Nb3 Qb6 8. Qxd4 Qxd4 9. cxd4 d5 10. e3 e6 11. Ne2 Nc6 12. Nc3 Be7 13. g4 O-O 14. a3 Ne8 15. Nb5 a6 16. Nc7 Nxc7 17. Bxc7 Bd7 18. Bd3 Rfc8 19. Bg3 Na7 20. Na5 b6 21. Nb3 Ba4 22. Nc1 Bb5 23. Kd2 Kf8 24. h4 h6 25. h5 Ke8 26. Be5 f6 27. Bg3 Kd7 28. e4 Bxd3 29. Nxd3 Nb5 30. Bf2 Nd6 31. Rhe1 a5 32. exd5 exd5 33. Nf4 Nc4+ 34. Ke2 Nxb2 35. Nxd5 Bd8 36. Rab1 Rc2+ 37. Kf1 Rxf2+ 38. Kxf2 Nd3+ 39. Ke2 Nxe1 40. Kxe1 Kc6 41. Nf4 b5 42. Rc1+ Kd6 43. Kd2 Bb6 44. Kd3 Rd8 45. Ke4 Rd7 46. d5 Re7+ 47. Ne6 Bf2 48. Rc6+ Kd7 49. Ra6 b4 50. Rxa5 bxa3 51. Rxa3 Kd6 52. Ra6+ Kd7 53. Kf5 Ke8 54. Ra8+ Kd7 55. Rd8# 1-0


[Site "https://www.chess.com"]

[Event "Titled Tuesday Blitz August 17 2021"]
[White "Steinberg, Nitzan"]
[Black "Sarana, Alexey"]
[WhiteFideId "2801795"]
[BlackFideId "24133795"]
[WhiteElo "2440"]
[BlackElo "2646"]
[Result "0-1"]
[Round "07"]
[TimeControl "180+1"]
[Date "2021.08.17"]
[WhiteClock "0:00:17"]
[BlackClock "0:01:28"]

1. e4 e5 2. Nf3 Nc6 3. Bb5 a6 4. Ba4 Nf6 5. O-O Nxe4 6. d4 b5 7. Bb3 d5 8. dxe5 Be6 9. Nbd2 Nc5 10. c3 d4 11. Bxe6 Nxe6 12. cxd4 Ncxd4 13. a4 Bb4 14. Ne4 O-O 15. axb5 axb5 16. Rxa8 Qxa8 17. Neg5 Nxf3+ 18. Nxf3 c5 19. Qd7 Qe8 20. Qb7 Qb8 21. Qe4 Qa8 22. Qg4 c4 23. h4 Qd5 24. h5 Be7 25. Be3 b4 26. Nd2 c3 27. bxc3 bxc3 28. Nf3 c2 29. Rc1 Rc8 30. h6 Rc4 31. Qh3 g6 32. Ne1 Ba3 33. Rxc2 Rxc2 34. Nxc2 Qd1+ 35. Kh2 Qxc2 36. Qf3 Bf8 37. Qd5 Qf5 38. g3 Qh5+ 39. Kg2 Bxh6 0-1


[Site "https://www.chess.com"]

[Event "Titled Tuesday Blitz August 17 2021"]
[White "Stoyanov, Tsvetan"]
[Black "Mirzoev, Azer"]
[WhiteFideId "2917173"]
[BlackFideId "13400304"]
[WhiteElo "2191"]
[BlackElo "2525"]
[Result "1-0"]
[Round "07"]
[TimeControl "180+1"]
[Date "2021.08.17"]
[WhiteClock "0:00:03"]
[BlackClock "0:00:01"]

1. e4 c6 2. d4 d5 3. Nc3 dxe4 4. Nxe4 Bf5 5. Ng3 Bg6 6. h4 h6 7. Nf3 e6 8. Ne5 Bh7 9. c3 Nf6 10. Bc4 Nbd7 11. Qe2 Nxe5 12. dxe5 Nd5 13. Ne4 Qc7 14. f4 O-O-O 15. Bd2 Be7 16. O-O-O Kb8 17. Bd3 c5 18. c4 Nb4 19. Bxb4 cxb4 20. Bc2 Rxd1+ 21. Rxd1 Bxh4 22. Nd6 Bxc2 23. Kxc2 g5 24. Rh1 Rd8 25. Kb3 Bg3 26. fxg5 hxg5 27. Rh7 Bxe5 28. Nxf7 Bf4 29. Nxd8 Qxh7 30. Nxe6 Bd6 31. Nxg5 Qg8 32. Ne4 Be7 33. g4 a5 34. Ng3 Qd8 35. Nf5 Bf6 36. Qe4 Ka7 37. Ka4 b6 38. Qc6 Bxb2 39. Nd6 Qb8 40. Qd7+ 1-0


[Site "https://www.chess.com"]

[Event "Titled Tuesday Blitz August 17 2021"]
[White "Stribuk, Artiom"]
[Black "Chigaev, Maksim"]
[WhiteFideId "13515659"]
[BlackFideId "4108116"]
[WhiteElo "2224"]
[BlackElo "2579"]
[Result "1/2-1/2"]
[Round "07"]
[TimeControl "180+1"]
[Date "2021.08.17"]
[WhiteClock "0:00:08"]
[BlackClock "0:00:09"]

1. d4 Nf6 2. c4 g6 3. Nf3 Bg7 4. g3 c5 5. d5 b5 6. cxb5 Qa5+ 7. Bd2 Qxb5 8. Bc3 O-O 9. Bg2 d6 10. O-O Na6 11. Na3 Qb7 12. Nd2 Nc7 13. e4 Bg4 14. Qc2 Rab8 15. Rfe1 Nb5 16. Nxb5 Qxb5 17. Bf1 Qd7 18. f3 Bh3 19. Nc4 Bxf1 20. Kxf1 e6 21. Rad1 exd5 22. Bxf6 dxc4 23. Bxg7 Kxg7 24. Qxc4 Kg8 25. b3 h5 26. Kg2 Qe7 27. h4 a5 28. Rd5 Rb4 29. Qd3 a4 30. Rxd6 axb3 31. axb3 Rfb8 32. Rd7 Qe6 33. Qd5 Qxd5 34. Rxd5 Rxb3 35. Rxc5 Rb2+ 36. Kh3 Rf2 37. Re3 Rbb2 38. g4 Rh2+ 39. Kg3 Rbg2+ 40. Kf4 hxg4 41. fxg4 Rxh4 42. Rg3 Rf2+ 43. Ke3 Rf1 44. Rc2 Kg7 45. Rf2 Rxf2 46. Kxf2 Kf6 47. Kf3 Ke5 48. Ke3 f6 49. Kd3 Kf4 50. Rg1 Rxg4 51. Ra1 Rg3+ 52. Kd4 Rf3 53. Ra6 Kg4 54. e5 fxe5+ 55. Kxe5 g5 56. Ke4 Rf8 57. Ra1 Re8+ 58. Kd3 Kh5 59. Rh1+ Kg6 60. Rg1 Re5 61. Kd4 Re2 62. Kd3 Re6 63. Kd4 Kh5 64. Rh1+ Kg4 65. Rg1+ Kf5 66. Rf1+ Kg6 67. Rg1 Ra6 68. Ke3 Ra3+ 69. Kf2 Kf5 70. Kg2 Kg4 71. Rb1 Ra2+ 72. Kg1 Kh4 73. Rb4+ g4 74. Rb3 Re2 75. Rb8 Rc2 76. Rb3 Ra2 77. Rc3 Rb2 78. Rd3 g3 79. Rd8 Kh3 80. Rh8+ Kg4 81. Rg8+ Kf3 82. Rf8+ Kg4 83. Rg8+ Kf3 84. Rf8+ Kg4 85. Rg8+ 1/2-1/2


[Site "https://www.chess.com"]

[Event "Titled Tuesday Blitz August 17 2021"]
[White "Sychev, Klementy"]
[Black "Svane, Rasmus"]
[WhiteFideId "4114060"]
[BlackFideId "4657101"]
[WhiteElo "2615"]
[BlackElo "2669"]
[Result "0-1"]
[Round "07"]
[TimeControl "180+1"]
[Date "2021.08.17"]
[WhiteClock "0:00:01"]
[BlackClock "0:00:08"]

1. e4 c6 2. d4 d5 3. f3 dxe4 4. fxe4 e5 5. Nf3 Bg4 6. c3 Nd7 7. Bc4 Bd6 8. O-O Ngf6 9. Bg5 h6 10. Bh4 g5 11. Bg3 Qe7 12. Nbd2 O-O-O 13. Bd3 Nh5 14. Bf2 Nf4 15. Nc4 Bc7 16. Bc2 h5 17. Ne3 Bb6 18. a4 a6 19. Kh1 Be6 20. b4 g4 21. Bh4 f6 22. Nxe5 Nxe5 23. Rxf4 Rhf8 24. Qf1 Nd7 25. e5 Rde8 26. b5 a5 27. bxc6 bxc6 28. exf6 Qd6 29. Bg3 h4 30. Bxh4 Bd5 31. Nf5 Qe6 32. Ne7+ Kb7 33. Bf5 Qd6 34. Bxd7 Qxd7 35. Rb1 Ka7 36. c4 Be6 37. d5 cxd5 38. cxd5 Bxd5 39. Bf2 Rb8 40. Rxb6 Rxb6 41. Qg1 Rb8 42. Bxb6+ Rxb6 43. f7 Bxg2+ 44. Kxg2 Qb7+ 45. Kg3 Ka6 46. f8=Q Rb3+ 0-1


[Site "https://www.chess.com"]

[Event "Titled Tuesday Blitz August 17 2021"]
[White "Tanenbaum, Zachary"]
[Black "Eternauta2400"]
[WhiteFideId "2060850"]
[WhiteElo "2165"]
[BlackElo "2559"]
[Result "0-1"]
[Round "07"]
[TimeControl "180+1"]
[Date "2021.08.17"]
[WhiteClock "0:00:11"]
[BlackClock "0:01:34"]

1. e4 e5 2. Nf3 Nc6 3. Bc4 Nf6 4. d3 Bc5 5. c3 Kf8 6. Ng5 d5 7. exd5 b5 8. Bb3 Na5 9. Bc2 Qxd5 10. b4 Qxg2 11. Qf3 Bxf2+ 12. Kd2 Be3+ 13. Kxe3 Ng4+ 14. Qxg4 Bxg4 15. Re1 Qxc2 16. bxa5 f5 17. Ba3+ Ke8 18. Nd2 f4+ 19. Ke4 Qxd2 20. Kxe5 Kd7 21. Kd4 Rae8 22. Nf7 Rxe1 0-1


[Site "https://www.chess.com"]

[Event "Titled Tuesday Blitz August 17 2021"]
[White "Tang, Andrew"]
[Black "Khanin, Semen"]
[WhiteFideId "2059630"]
[BlackFideId "4111990"]
[WhiteElo "2588"]
[BlackElo "2521"]
[Result "1-0"]
[Round "07"]
[TimeControl "180+1"]
[Date "2021.08.17"]
[WhiteClock "0:02:40"]
[BlackClock "0:02:06"]

1. d4 Nf6 2. Bf4 b6 3. e3 Bb7 4. a4 a6 5. Nf3 d6 6. a5 b5 7. c4 bxc4 8. Bxc4 g6 9. Qb3 d5 10. Qxb7 dxc4 11. Bxc7 Qd5 12. Qc8+ 1-0


[Site "https://www.chess.com"]

[Event "Titled Tuesday Blitz August 17 2021"]
[White "Tania, Sachdev"]
[Black "Costachi, Mihnea"]
[WhiteFideId "5007844"]
[BlackFideId "1217518"]
[WhiteElo "2280"]
[BlackElo "2482"]
[Result "0-1"]
[Round "07"]
[TimeControl "180+1"]
[Date "2021.08.17"]
[WhiteClock "0:00:19"]
[BlackClock "0:02:09"]

1. d4 Nf6 2. c4 g6 3. Nc3 Bg7 4. e4 O-O 5. f3 d6 6. Nge2 c5 7. d5 e6 8. Ng3 exd5 9. cxd5 h5 10. Bg5 a6 11. a4 Qa5 12. Qd2 b5 13. Be2 b4 14. Nd1 Nh7 15. O-O Nxg5 16. Qxg5 Qd8 17. Qd2 h4 18. Nh1 h3 19. g3 a5 20. Nhf2 Qf6 21. g4 Nd7 22. Nxh3 Qh4 23. Kg2 Bf6 24. Ndf2 Kg7 25. f4 Rh8 26. Rab1 Bd4 27. Qd3 Ba6 28. Qf3 Bxe2 29. Qxe2 Bxf2 30. Rxf2 Qxh3+ 31. Kg1 Rae8 32. Re1 Nf6 33. e5 Qxg4+ 34. Qxg4 Nxg4 35. Rg2 Rh4 36. e6 fxe6 37. dxe6 Kf6 38. Rge2 Nh6 0-1


[Site "https://www.chess.com"]

[Event "Titled Tuesday Blitz August 17 2021"]
[White "TengisChess"]
[Black "Rustemov, Alexander"]
[BlackFideId "4119002"]
[WhiteElo "2468"]
[BlackElo "2688"]
[Result "0-1"]
[Round "07"]
[TimeControl "180+1"]
[Date "2021.08.17"]
[WhiteClock "0:00:07"]
[BlackClock "0:00:44"]

1. Nf3 d5 2. g3 Nf6 3. Bg2 c6 4. O-O Bf5 5. b3 e6 6. Bb2 h6 7. d3 Be7 8. Nbd2 a5 9. a4 O-O 10. Re1 Na6 11. e4 Bh7 12. Qe2 Nb4 13. Rac1 Qc7 14. h3 Rfd8 15. Nh2 Na2 16. Ra1 Nb4 17. Rac1 b5 18. Ng4 Nxg4 19. Qxg4 Bf8 20. exd5 Nxd5 21. Nb1 Rac8 22. Nc3 Qb6 23. Nxd5 cxd5 24. axb5 Qxb5 25. Qe2 a4 26. c4 Qxb3 27. cxd5 Rxc1 28. Rxc1 exd5 29. d4 a3 30. Ba1 a2 31. Qa6 Qb1 32. Qf1 Rb8 33. Bxd5 Qxc1 34. Qxc1 Rb1 35. Qf1 Bd3 36. Bxa2 Rxf1+ 0-1


[Site "https://www.chess.com"]

[Event "Titled Tuesday Blitz August 17 2021"]
[White "Terry, Renato"]
[Black "Weetik, Vjacheslav"]
[WhiteFideId "3803457"]
[BlackFideId "4153472"]
[WhiteElo "2581"]
[BlackElo "2469"]
[Result "0-1"]
[Round "07"]
[TimeControl "180+1"]
[Date "2021.08.17"]
[WhiteClock "0:00:01"]
[BlackClock "0:00:02"]

1. e4 c6 2. Nf3 d5 3. exd5 cxd5 4. Ne5 Nf6 5. d4 g6 6. c3 Bg7 7. Bd3 Nfd7 8. f4 O-O 9. O-O Nc6 10. Qf3 Ndxe5 11. fxe5 f6 12. exf6 Rxf6 13. Qe2 e5 14. dxe5 Nxe5 15. Be3 Rxf1+ 16. Qxf1 Ng4 17. Qf3 Nxe3 18. Qxe3 d4 19. Qe2 dxc3 20. Nxc3 Qd4+ 21. Kh1 Bg4 22. Qc2 Rd8 23. Be2 Bf5 24. Qb3+ Kh8 25. Qxb7 Qe3 26. Qf3 Qxf3 27. Bxf3 Rd2 28. Rd1 Bxc3 29. bxc3 Rxa2 30. h4 h5 31. Rc1 a5 32. c4 a4 33. c5 a3 34. c6 Rc2 35. Ra1 a2 36. Bd5 Rc5 37. Bxa2 Rxc6 38. Bd5 Rd6 39. Ra8+ Kg7 40. Ra7+ Kf6 41. Bf3 Rd4 42. g3 Rd2 43. Ra6+ Ke5 44. Ra4 Rf2 45. Bg2 Rb2 46. Kg1 Bg4 47. Ra5+ Kf6 48. Ra6+ Kg7 49. Ra3 Bf5 50. Bf3 Rb1+ 51. Kf2 Rb2+ 52. Ke3 Kf6 53. Ra6+ Ke5 54. Ra3 Rb1 55. Ra5+ Kd6 56. Ra4 Rb3+ 57. Kf4 Rc3 58. Bxh5 gxh5 59. Kxf5 Rxg3 60. Ra6+ Kd5 61. Rh6 Rf3+ 62. Kg5 Ke5 0-1


[Site "https://www.chess.com"]

[Event "Titled Tuesday Blitz August 17 2021"]
[White "Thing, Bibek"]
[Black "Korchmar, Vasiliy"]
[WhiteFideId "12303135"]
[BlackFideId "24131750"]
[WhiteElo "2000"]
[BlackElo "2370"]
[Result "1-0"]
[Round "07"]
[TimeControl "180+1"]
[Date "2021.08.17"]
[WhiteClock "0:00:22"]
[BlackClock "0:01:02"]

1. e4 c5 2. Nf3 d6 3. Bb5+ Nd7 4. O-O a6 5. Bxd7+ Bxd7 6. Qe2 Nf6 7. Rd1 e6 8. c3 Be7 9. d4 O-O 10. dxc5 dxc5 11. Ne5 Bb5 12. c4 Qc7 13. Bf4 Bd6 14. Rxd6 Qxd6 15. cxb5 Qd4 16. Nc3 axb5 17. Nf3 Qc4 18. Qxc4 bxc4 19. Bd6 Rfc8 20. Ne5 Ne8 21. Nxc4 Nxd6 22. Nxd6 Rd8 23. e5 f6 24. f4 fxe5 25. fxe5 b6 26. a4 Ra7 27. Rf1 h6 28. Rf4 Rc7 29. Kf2 Ra7 30. Ke3 Raa8 31. b3 Rab8 32. Kd3 Rf8 33. Ne2 g5 34. Rxf8+ Rxf8 35. Nc4 Rf2 36. Nxb6 Rxg2 37. a5 Rg4 38. a6 Rb4 39. a7 Rxb3+ 40. Nc3 Ra3 41. Na4 Kf7 42. a8=Q Kg6 43. Qe4+ Kh5 44. h3 Rxc3+ 45. Nxc3 g4 46. Qxg4# 1-0


[Site "https://www.chess.com"]